Map: Oceanborn LE

Players

Subwayeatn

  • Race: Zerg Zerg
  • League: Platinum
  • Spawn Location: 11:00

Askurka - Winner!

  • Race: Terran Terran
  • League: Platinum
  • Spawn Location: 5:00

VOD

Have the link to the VOD?

Description

Time

  • Played on: Nov. 11, 2023, 2:03 p.m.
  • Length: 6:32
Show
View Real Time Build Order
Export as new Build Order

Subwayeatn Zerg 

Build Orders: Pool First 

Get SALT Encoding   

  12  0:00  Drone  
  13  0:12  Overlord  
  13  0:18  Drone  
  14  0:31  Drone x2  
  14  0:34  Drone  
  17  0:45  Drone  
  18  0:51  Extractor  
  18  0:55  Spawning Pool  
  16  1:13  Hatchery  
  15  1:24  Drone x3  
  18  1:43  Queen  
  18  1:44  Zergling x2  
  18  1:46  Zergling x2  
  22  1:55  Metabolic Boost  
  22  2:01  Overlord  
  22  2:10  Overlord  
  22  2:22  Queen  
  24  2:24  Queen  
  26  2:48  Drone x6  
  32  2:54  Overlord  
  32  2:58  Lair  
  32  3:06  Drone x2  
  32  3:08  Drone  
  32  3:10  Drone  
  36  3:16  Baneling Nest  
  34  3:35  Drone x3  
  34  3:38  Drone  
  38  3:41  Hatchery  
  38  3:43  Extractor  
  38  3:46  Zergling x6  
  39  3:55  Queen  
  39  4:00  Centrifugal Hooks  
  41  4:04  Drone x3  
  41  4:08  Extractor  
  41  4:09  Extractor  
  42  4:13  Drone  
  43  4:21  Overlord  
  43  4:24  Drone x2  
  43  4:25  Drone x3  
  48  4:31  Overlord  
  48  4:35  Overlord  
  48  4:44  Burrow  
  48  4:46  Drone x3  
  48  4:47  Drone  
  52  4:56  Queen  
  52  4:57  Overlord  
  52  4:59  Drone x2  
  56  5:01  Drone  
  56  5:03  Drone  
  58  5:20  Drone x7  
  65  5:33  Zergling x16  
  73  5:46  Zergling x6  
  73  6:00  Zergling x16  
Show
View Real Time Build Order
Export as new Build Order

Askurka Terran - Winner!

Build Orders: Reaper Expand 

Get SALT Encoding   

  12  0:00  SCV  
  13  0:12  SCV  
  14  0:20  Supply Depot  
  14  0:24  SCV  
  15  0:41  SCV  
  16  0:47  Barracks  
  16  0:49  Refinery  
  16  0:53  SCV  
  17  1:05  SCV  
  18  1:17  SCV  
  19  1:34  Orbital Command, Reaper  
  20  1:42  Command Center  
  20  1:49  Barracks  
  20  2:02  Supply Depot  
  20  2:04  SCV  
  20  2:07  Barracks Reactor  
  21  2:19  SCV  
  21  2:22  Refinery  
  22  2:27  Factory  
  22  2:34  SCV  
  23  2:48  Marine, SCV  
  23  2:49  Marine  
  23  2:50  Barracks Tech Lab  
  26  2:57  Orbital Command  
  26  3:01  Bunker  
  26  3:07  SCV  
  26  3:08  Marine  
  26  3:09  Marine x2  
  26  3:11  Stimpack  
  30  3:23  Starport, SCV  
  30  3:26  SCV  
  32  3:28  Marine  
  32  3:30  Marine  
  33  3:41  Marine, SCV x2  
  35  3:43  Factory Reactor  
  35  3:46  Marine  
  37  3:53  SCV x2  
  39  3:59  Supply Depot  
  39  4:01  Marine x2  
  41  4:04  Marine  
  41  4:05  SCV x2  
  41  4:09  Supply Depot  
  44  4:17  SCV x2  
  44  4:20  Marine x2  
  44  4:22  Marine  
  49  4:28  Medivac x2  
  53  4:34  Widow Mine  
  53  4:35  SCV  
  53  4:36  SCV  
  53  4:38  Marine x2  
  57  4:39  Marine  
  60  4:45  Supply Depot  
  60  4:49  Supply Depot  
  60  4:54  Combat Shield  
  60  5:01  Command Center  
  60  5:17  SCV  
  60  5:18  Marine x3, SCV  
  65  5:25  Barracks  
  65  5:27  Engineering Bay  
  65  5:32  Barracks, SCV x2  
  65  5:33  Barracks  
  67  5:36  Marine x2  
  67  5:37  Engineering Bay  
  67  5:41  Marine  
  70  5:53  Marine  
Tags
 
Add a new tag
Caveats
  • Supply blocks, unpowered buildings, or Contaminate may cause inaccurate times.
  • Supply counts are checked every 10 seconds.